 Dungeon Crawl Stone Soup version 0.31-a0-4-gefa6de2278 (webtiles) character file.

Game seed: 10987615804403835166

198 cheesebisquit the Chopper (level 5, -2/47 HPs)
             Began as a Hill Orc Monk on May 3, 2023.
             Was a Believer of Beogh.
             Slain by Pikel
             ... wielding a +2 whip of flaming
              (7 damage)
             ... on level 4 of the Dungeon.
             The game lasted 00:10:56 (3355 turns).

cheesebisquit the Chopper (Hill Orc Monk)           Turns: 3355, Time: 00:10:57

Health: -2/47      AC: 10    Str: 16    XL:     5   Next: 77%
Magic:  5/5        EV:  7    Int: 10    God:    Beogh [**....]
Gold:   128        SH:  3    Dex: 13    Spells: 4/4 levels left

rFire   . . .        a - +0 hand axe
rCold   . . .        q - +0 buckler
rNeg    . . .        m - +0 chain mail
rPois   .            (no helmet)
rElec   .            (no cloak)
rCorr   +            e - +0 pair of gloves
SInv    .            (no boots)
Will    .....        (no amulet) Stlth
                     d - ring of resist corrosion
HPRegen 0.27/turn    (no ring)
MPRegen 0.09/turn

%: no passive effects
@: no status effects
A: no striking features
a: Renounce Religion, Smiting


You were on level 4 of the Dungeon.
You worshipped Beogh.
Beogh was pleased with you.
You visited 1 branch of the dungeon, and saw 4 of its levels.

You collected 128 gold pieces.

Inventory:

Hand Weapons
 a - a +0 hand axe (weapon)
Missiles
 k - 12 poisoned darts (quivered)
Armour
 e - a +0 pair of gloves (worn)
 m - a +0 chain mail (worn)
 q - a +0 buckler (worn)
Jewellery
 d - a ring of resist corrosion (left hand)
Wands
 r - a wand of flame (31)
Scrolls
 g - 2 scrolls of magic mapping {unknown}
 h - 3 scrolls of identify {unknown}
 i - 2 scrolls of poison {unknown}
 j - 3 scrolls of teleportation {unknown}
 l - a scroll of blinking {unknown}
 n - a scroll of fog {unknown}
 p - a scroll of vulnerability {unknown}
 s - a scroll of amnesia {unknown}
Potions
 b - a potion of lignification {unknown}
 o - a potion of degeneration {unknown}


   Skills:
 + Level 4.8 Fighting
 * Level 6.5 Axes
 + Level 2.5 Armour
 - Level 2.4 Dodging


You had 4 spell levels left.
You didn't know any spells.
Your spell library was empty.

Dungeon Overview and Level Annotations

Branches:
Dungeon (4/15)
 Temple: D:4-7

Altars:
Dithmenos

Shops:
D:1 [   D:3 ?

Annotations:
D:3 1 runed translucent door, Crazy Yiuf
D:4 Pikel


Message History

Pikel is severely wounded.
Pikel hits you but does no damage.
You bump into the rock wall.
You feel less invigorated.
You feel less confused.
Pikel hits you with a +2 whip of flaming.
Pikel burns you.
You closely miss Pikel.
Pikel is severely wounded.
Pikel hits you but does no damage.
You hit Pikel.
Pikel is almost dead.
Pikel hits you with a +2 whip of flaming!
* * * LOW HITPOINT WARNING * * *
Pikel burns you.
* * * LOW HITPOINT WARNING * * *
You barely miss Pikel.
Pikel is almost dead.
Pikel hits you with a +2 whip of flaming.
* * * LOW HITPOINT WARNING * * *
Pikel burns you.
* * * LOW HITPOINT WARNING * * *
It was a potion of curing.
You feel better. Pikel hits you but does no damage.
You feel better. Pikel closely misses you.
You closely miss Pikel.
Pikel is almost dead.
Pikel hits you with a +2 whip of flaming.
Pikel burns you.
You barely miss Pikel.
Pikel is almost dead.
Pikel hits you with a +2 whip of flaming.
Pikel burns you.
Pikel hits you with a +2 whip of flaming!
* * * LOW HITPOINT WARNING * * *
Pikel burns you.
* * * LOW HITPOINT WARNING * * *
You closely miss Pikel.
Pikel is almost dead.
Pikel says, "You'll rot in Tartarus!"
Pikel hits you with a +2 whip of flaming!
You die... #.##..# . #.###.# .## #.###.# ..# # #...... #.#.# ########.# ##5#. #)....##.# 555

#......#.# #K#
#.###..#.#
#@#######.#......#
#...........#..###
#########.###..#
#......# #......#
########


You could see Pikel and 4 lemures.

Vanquished Creatures
  An iguana (D:4)
  7 gnolls
  3 adders
  A worm (D:2)
  A dart slug (D:1)
  5 orcs
  8 ball pythons
  7 endoplasms
  7 goblins
  3 hobgoblins
  4 quokkas
  7 bats
  A frilled lizard (D:2)
  13 kobolds
  4 rats
72 creatures vanquished.

Notes
Turn   | Place    | Note
-------+----------+-------------------------------------------
     0 | D:1      | cheesebisquit the Hill Orc Monk began the quest for the
                  | Orb.
     0 | D:1      | Reached XP level 1. HP: 19/19 MP: 1/1
   127 | D:1      | Reached XP level 2. HP: 24/27 MP: 2/2
   216 | D:1      | Reached skill level 1 in Armour
   441 | D:1      | Found Jieguy's Armour Shoppe.
   552 | D:1      | Found a faded altar of an unknown god.
   576 | D:1      | Reached XP level 3. HP: 33/33 MP: 3/3
   714 | D:1      | Reached skill level 5 in Axes
   873 | D:2      | Reached XP level 4. HP: 32/40 MP: 4/4
  1439 | D:2      | Reached XP level 5. HP: 33/47 MP: 5/5
  1853 | D:3      | Reached skill level 6 in Axes
  1916 | D:3      | Found a shadowy altar of Dithmenos.
  1963 | D:3      | Found Titulakk's Magic Scroll Boutique.
  2265 | D:3      | Found a runed translucent door.
  2266 | D:3      | Noticed Crazy Yiuf
  2438 | D:3      | Became a worshipper of Beogh the Brigand
  2438 | D:3      | Reached * piety under Beogh
  2438 | D:3      | Reached ** piety under Beogh
  3306 | D:4      | Noticed Pikel
  3306 | D:4      | Noticed a lemure
  3306 | D:4      | Noticed a lemure
  3306 | D:4      | Noticed a lemure
  3306 | D:4      | Noticed a lemure
  3355 | D:4      | Slain by Pikel

Illustrated notes

Levels and vault maps discovered:
D:1:      evilmike_arrival_plus, layout_basic, serial_shops,
          nicolae_shop_tiny_glass, hellmonk_ecumenical_altar_crossroads
D:2:      layout_loops_ring
D:3:      layout_basic, mainiacjoe_overflow_brackets, serial_shops,
          nicolae_shop_behind_doors, uniq_crazy_yiuf_cottage
D:4:      layout_loops_cross, serial_shops, nicolae_shop_waterfront,
          uniq_blork_the_orc, uniq_pikel

Skill      XL: |  1  2  3  4  5 |
---------------+----------------+-----
Armour         | 1 2 |  2.5
Fighting       | 4 |  4.8
Axes           | 5 6 |  6.5
Dodging        | |  2.4

Action                     |  1- 3 |  4- 6 || total
---------------------------+-------+-------++-------
  Melee: Hand axe          |    71 |   184 ||   255
 Invoke: Convert to Beogh  |       |     1 ||     1
    Use: Potion            |       |     3 ||     3
 Armour: Robe              |    11 |     4 ||    15
         Chain mail        |       |    71 ||    71
  Dodge: Dodged            |    44 |    78 ||   122
  Block: Buckler           |       |    14 ||    14

Table legend: (Time is in decaauts)
 A = Elapsed time spent in this place.
 B = Non-inter-level travel time spent in this place.
 C = Inter-level travel time spent in this place.
 D = Time resting spent in this place.
 E = Time spent auto-exploring this place.
 F = Levels seen in this place.
 G = Mean time per level.
                   A        B        C        D        E       F      G
               +--------+--------+--------+--------+--------+-----+--------+
         Total |   3363 |   3185 |    178 |    130 |   2474 |   4 |  840.8 |
       Dungeon |   3363 |   3185 |    178 |    130 |   2474 |   4 |  840.8 |
               +--------+--------+--------+--------+--------+-----+--------+

Top non-repeatable levels by time:
     D:3: 1032 daAuts
     D:2: 974 daAuts
     D:1: 907 daAuts
     D:4: 448 daAuts
